 Dungeon Crawl Stone Soup version 0.20.1-1-g8b1a95d (webtiles) character file.

11431 Erymatos the Cleaver (level 11, -3/151 HPs)
             Began as a Minotaur Berserker on Oct 30, 2017.
             Was a High Priest of Trog.
             Shot with an arrow by Nessos (4 damage)
             ... on level 12 of the Dungeon.
             The game lasted 00:22:14 (10212 turns).

Erymatos the Cleaver (Minotaur Berserker)          Turns: 10212, Time: 00:22:14

Health: -3/151     AC: 27    Str: 30    XL:     11   Next: 49%
Magic:  10/10      EV: 10    Int: 12    God:    Trog [*****.]
Gold:   676        SH:  4    Dex: 10    Spells: 10/10 levels left

rFire    . . .     SeeInvis .   a - +0 hand axe
rCold    + + .     Gourm    +   n - +0 buckler
rNeg     . . .     Faith    .   y - +0 crystal plate armour
rPois    .         Spirit   .   (helmet restricted)
rElec    .         Reflect  .   z - scarf {cloud immunity}
rCorr    .         Harm     .   j - +0 pair of gloves
MR       .....                  (no boots)
Stlth    ..........             G - amulet of the Elephant {Gourm *Slow rC++ Int+8}
Regen    0.4/turn               o - +4 ring of protection
MPRegen  0.2/turn               I - +3 ring of evasion

@: berserking (expiring), lethally poisoned (-3 -> -19), very quick
A: retaliatory headbutt, horns 2
a: Berserk, Trog's Hand, Brothers in Arms, Burn Spellbooks, Renounce Religion


You were on level 12 of the Dungeon.
You worshipped Trog.
Trog was extremely pleased with you.
You were near starving.

You visited 1 branch of the dungeon, and saw 12 of its levels.

You collected 676 gold pieces.

Inventory:

Hand Weapons
 a - a +0 hand axe (weapon)
Armour
 j - a +0 pair of gloves (worn)
 n - a +0 buckler (worn)
 y - a +0 crystal plate armour (worn)
 z - a scarf of cloud immunity (worn)
Jewellery
 o - a +4 ring of protection (left hand)
 G - the amulet of the Elephant (around neck) {Gourm *Slow rC++ Int+8}
   (You found it on level 11 of the Dungeon)

   [amulet of the gourmand]

   It allows you to eat raw meat even when not hungry.
   It affects your intelligence (+8).
   It greatly protects you from cold.
   It may slow you when you take damage.
 I - a +3 ring of evasion (right hand)
Scrolls
 f - 4 scrolls of amnesia {unknown}
 g - 2 scrolls of enchant armour {unknown}
 h - 3 scrolls of recharging {unknown}
 m - 6 scrolls of blinking {unknown}
 q - 2 scrolls of remove curse
 r - 5 scrolls of identify
 x - a scroll of immolation {unknown}
 A - a scroll of fear {unknown}
 B - 4 scrolls of teleportation {unknown}
 C - a scroll of noise {unknown}
 D - a scroll of brand weapon {unknown}
Potions
 b - a potion of ambrosia
 d - 4 potions of agility
 k - 7 potions of curing
 p - 3 potions of degeneration
 s - 2 potions of brilliance
 t - a potion of heal wounds
 u - 2 potions of flight {unknown}
 v - a potion of might {unknown}
 w - a potion of invisibility {unknown}
 J - a potion of resistance {unknown}
 K - 2 potions of haste {unknown}
Comestibles
 c - 10 bread rations
 i - 2 meat rations
 l - 6 fruits
 H - a royal jelly


   Skills:
 + Level 10.4 Fighting
 + Level 14.4 Axes
 + Level 11.8 Armour
 + Level 3.5 Dodging
 - Level 4.6 Shields


You had 10 spell levels left.
You didn't know any spells.

Dungeon Overview and Level Annotations

Branches:
Dungeon (12/15)            Temple (0/1) D:6            Lair (0/6) D:11
    Orc: D:9-12

Altars:
Elyvilon
Gozag
Hepliaklqana
Kikubaaqudgha
Nemelex Xobeh
Qazlal
Ru
Sif Muna
Trog
Uskayaw
The Shining One

Shops:
D:6 }:[   D:8 *

Annotations:
D:12 Nessos


Innate Abilities, Weirdness & Mutations

You reflexively headbutt those who attack you in melee.
You have a pair of horns on your head.


Message History

Nessos unwields an uncursed longbow of flaming.
It stops flaming.
Nessos misses you.
Unknown command.
You closely miss Nessos.
Nessos is lightly wounded.
* * * LOW HITPOINT WARNING * * *
You feel sick.
Nessos intently looks at you, slowly moving his tail.
Nessos blinks!
Unknown command.
* * * LOW HITPOINT WARNING * * *
You feel sick.
Nessos blinks!
Unknown command.
You are too berserk!
You feel a strong urge to attack something.
* * * LOW HITPOINT WARNING * * *
You feel sick.
Nessos wields an uncursed longbow of flaming.
It bursts into flame!
Nessos shoots an arrow.
The arrow hits you.
You die...

........# ##
...≈....####.######
..≈≈≈...............
.≈≈≈≈≈........c.........
≈≈≈≈≈≈≈..).)............
#≈≈≈≈≈.)..........≈.....
##≈≈≈.....§......≈≈≈....
##≈...(..(.....≈≈≈≈≈...
##...@(......≈≈≈≈≈≈≈..
##....(.^(...≈≈≈≈≈...
##...(.......≈≈≈...#
##...........≈...##
##..(.[........##
##...........##
##.........##
##..<<<..## #########


You could see Nessos.

Vanquished Creatures
  4 two-headed ogres
  The ghost of Killbear the Cruncher, a journeyman HuAr of Hepliaklqana (D:9)
  An ugly thing (D:11)
  A gargoyle (D:10)
  A centaur skeleton (D:11)
  3 trolls
  A merfolk (D:9)
  2 hippogriffs
  A wyvern (D:10)
  Eustachio (D:4)
  A wraith (D:11)
  5 yaks (D:11)
  2 shadows
  A hungry ghost (D:10)
  A basilisk (D:11)
  Menkaure (D:6)
  A warg (D:12)
  2 water moccasins
  2 necrophages (D:11)
  2 orc warriors
  A sky beast (D:11)
  A phantom (D:11)
  A black bear (D:9)
  2 ice beasts
  5 ogres
  The ghost of Yogidamonk the Poker, an amateur DsFi (D:3)
  A crocodile (D:11)
  4 centaurs
  A big kobold (D:8)
  6 bullfrogs
  4 scorpions
  3 wights (D:7)
  6 killer bees (D:10)
  2 electric eels (D:12)
  A howler monkey (D:8)
  2 crimson imps
  A bullfrog zombie (D:12)
  A centaur zombie (D:6)
  6 hounds
  An orc priest (D:10)
  2 jellies
  3 bullfrog skeletons
  An orc wizard (D:8)
  2 iguanas
  7 worker ants
  2 hound skeletons
  A worker ant zombie (D:10)
  7 gnolls
  A howler monkey skeleton (D:10)
  8 adders
  A shadow imp (D:8)
  2 oozes
  2 adder zombies
  4 worms
  2 dart slugs (D:1)
  4 leopard geckos
  27 orcs
  A ball python (D:2)
  11 bats
  8 giant cockroaches
  10 goblins
  7 hobgoblins
  18 jackals
  10 kobolds
  4 quokkas
  6 frilled lizards
  A jackal zombie (D:8)
  A leopard gecko zombie (D:6)
  2 quokka skeletons
  2 quokka zombies
  6 rats
247 creatures vanquished.

Notes
Turn   | Place    | Note
-------+----------+-------------------------------------------
     0 | D:1      | Erymatos the Minotaur Berserker began the quest for the Orb.
     0 | D:1      | Reached XP level 1. HP: 19/19 MP: 0/0
   122 | D:1      | Reached XP level 2. HP: 27/27 MP: 1/1
   192 | D:1      | Reached skill level 4 in Axes
   439 | D:1      | Reached XP level 3. HP: 34/34 MP: 2/2
   855 | D:2      | Found a sparkling altar of Nemelex Xobeh.
   868 | D:2      | Reached ** piety under Trog
  1346 | D:2      | Reached XP level 4. HP: 41/41 MP: 3/3
  1371 | D:2      | Found a glowing golden altar of the Shining One.
  1568 | D:3      | Found a hide-covered altar of Uskayaw.
  1687 | D:3      | Found a white marble altar of Elyvilon.
  1740 | D:3      | Noticed Yogidamonk's ghost (amateur DsFi)
  1751 | D:3      | Killed Yogidamonk's ghost
  1751 | D:3      | Reached skill level 5 in Axes
  1751 | D:3      | Reached XP level 5. HP: 47/47 MP: 4/4
  2072 | D:4      | Noticed an ogre
  2077 | D:4      | Killed an ogre
  2077 | D:4      | Reached XP level 6. HP: 55/55 MP: 5/5
  2214 | D:4      | Found an opulent altar of Gozag.
  2245 | D:4      | Noticed an ice beast
  2255 | D:4      | Killed an ice beast
  2255 | D:4      | Reached skill level 5 in Fighting
  2255 | D:4      | Reached skill level 6 in Axes
  2337 | D:4      | Noticed Eustachio
  2347 | D:4      | Killed Eustachio
  2347 | D:4      | Reached skill level 7 in Axes
  2347 | D:4      | Reached skill level 1 in Shields
  2347 | D:4      | Reached XP level 7. HP: 61/61 MP: 6/6
  2517 | D:4      | Reached skill level 5 in Armour
  2902 | D:4      | Reached *** piety under Trog
  3367 | D:5      | Entered Level 5 of the Dungeon
  3412 | D:5      | Found a stormy altar of Qazlal.
  3855 | D:5      | Found a deep blue altar of Sif Muna.
  3882 | D:6      | Noticed Menkaure
  3889 | D:6      | Killed Menkaure
  3889 | D:6      | Reached skill level 8 in Axes
  4008 | D:6      | Reached XP level 8. HP: 70/70 MP: 7/7
  4033 | D:6      | Found a staircase to the Ecumenical Temple.
  4123 | D:6      | Found Papsyr's Book Boutique.
  4181 | D:6      | Received a gift from Trog
  4255 | D:6      | Reached skill level 9 in Axes
  4382 | D:6      | Found Tiucer's Gadget Shop.
  4649 | D:6      | Found Pioz's Armour Boutique.
  4968 | D:7      | Found a sacrificial altar of Ru.
  5470 | D:7      | Reached skill level 10 in Axes
  5487 | D:7      | Reached XP level 9. HP: 78/78 MP: 8/8
  5654 | D:8      | Reached **** piety under Trog
  6059 | D:8      | Noticed a two-headed ogre
  6059 | D:8      | Found Derobog's General Store.
  6070 | D:8      | Killed a two-headed ogre
  6070 | D:8      | Reached skill level 11 in Axes
  6375 | D:9      | Found an ancient bone altar of Kikubaaqudgha.
  6377 | D:9      | Found a bloodstained altar of Trog.
  6426 | D:9      | Noticed Killbear's ghost (journeyman HuAr)
  6444 | D:9      | Killed Killbear's ghost
  6530 | D:9      | Found a hazy altar of Hepliaklqana.
  6705 | D:9      | Reached skill level 12 in Axes
  6718 | D:9      | Noticed a two-headed ogre
  6729 | D:9      | Killed a two-headed ogre
  6729 | D:9      | Reached XP level 10. HP: 73/90 MP: 9/9
  7282 | D:10     | Entered Level 10 of the Dungeon
  7391 | D:10     | Noticed a two-headed ogre
  7403 | D:10     | Killed a two-headed ogre
  7622 | D:10     | Reached skill level 13 in Axes
  7897 | D:10     | Reached skill level 10 in Armour
  8285 | D:10     | Reached ***** piety under Trog
  8616 | D:10     | Noticed a gargoyle
  8626 | D:10     | Killed a gargoyle
  8945 | D:11     | Reached XP level 11. HP: 67/99 MP: 10/10
  9170 | D:11     | Found a staircase to the Lair.
  9236 | D:11     | Noticed a red ugly thing
  9251 | D:11     | Killed a red ugly thing
  9287 | D:11     | Reached skill level 10 in Fighting
  9307 | D:11     | Noticed a two-headed ogre
  9320 | D:11     | Killed a two-headed ogre
  9320 | D:11     | Reached skill level 14 in Axes
  9734 | D:11     | Received a gift from Trog
  9973 | D:11     | Got a sparkling pewter amulet
 10075 | D:11     | Identified the amulet of the Elephant {Gourm *Slow rC++ Int+8} (You found it on level 11 of the Dungeon)
 10189 | D:12     | Noticed Nessos
 10200 | D:12     | Received a gift from Trog
 10206 | D:12     | HP: 7/151 [Nessos/arrow (1)]
 10210 | D:12     | HP: 3/151 [poisoned by Nessos]
 10211 | D:12     | HP: 1/151 [poisoned by Nessos]
 10212 | D:12     | Shot with an arrow by Nessos

Skill      XL: |  1  2  3  4  5  6  7  8  9 10 11 |
---------------+----------------------------------+-----
Fighting       | 4 5 6 8 9 10 | 10.4
Axes           | 4 5 7 8 10 12 13 14 | 14.4
Armour         | 3 4 5 7 9 10 11 | 11.8
Dodging        | 3 |  3.5
Shields        | 1 3 4 |  4.6

Action                   |  1- 3 |  4- 6 |  7- 9 | 10-12 || total
-------------------------+-------+-------+-------+-------++-------
Melee: Hand axe          |    88 |    86 |   433 |   362 ||   969
       Headbutt          |    13 |    21 |    92 |    82 ||   208
Invok: Berserk           |       |     3 |     4 |     4 ||    11
  Use: Scroll            |       |       |     9 |       ||     9
  Eat: Chunk             |     1 |     3 |     5 |     4 ||    13
       Meat ration       |       |     1 |     1 |     3 ||     5
       Bread ration      |       |       |     1 |       ||     1
       Royal jelly       |       |       |     1 |       ||     1
Armor: Animal skin       |     2 |       |       |       ||     2
       Scale mail        |    39 |    33 |    19 |       ||    91
       Crystal plate arm |       |       |   219 |   228 ||   447
Dodge: Dodged            |    59 |    47 |    92 |   103 ||   301
Block: Buckler           |     1 |     9 |    71 |    54 ||   135
